 Dungeon Sprint DCSS version 0.18-a0-1035-g72c9994 (webtiles) character file.

23 pipel the Ruffian (level 2, 0/29 HPs)
             Began as a Troll Necromancer on Jan 9, 2016.
             Was a Believer of Cheibriados.
             Slain by a fire bat (9 damage)
             ... in the Dungeon (Sprint VII: "The Pits").
             The game lasted 00:00:55 (81 turns).

pipel the Ruffian (Troll Necromancer)                 Turns: 81, Time: 00:00:55

Health: 0/29       AC:  5    Str: 20    XL:     2   Next: 75%
Magic:  2/2        EV: 10    Int: 16    God:    Cheibriados [**....]
Gold:   0          SH:  0    Dex: 15    Spells: 2 memorised, 1 level left

rFire  . . .     SeeInvis .       - Unarmed
rCold  . . .     Gourm    +     a - +0 robe
rNeg   . . .     Faith    .     (no shield)
rPois  .         Spirit   .     (helmet restricted)
rElec  .         Dismiss  .     (no cloak)
rCorr  .         Reflect  .     (gloves unavailable)
SustAt .         Harm     .     (boots unavailable)
MR     .....     NoTele   +     (no amulet)
Stlth  ++........               (no ring)
                                (no ring)

@: very slightly contaminated, invisible, very slow, not resistant to hostile
enchantments, unstealthy
A: unfitting armour, claws 3, fast metabolism 3, gourmand, regeneration 2,
shaggy fur 1, tough skin 2
a: Bend Time, Renounce Religion


You were in the Dungeon.
You worshipped Cheibriados.
Cheibriados was pleased with you.
You were not hungry.

You visited 1 branch

Inventory:

Missiles
 m - 9 stones (quivered)
Armour
 a - a +0 robe (worn)
Magical Staves
 n - an uncursed staff of energy
Scrolls
 i - a scroll of blinking
 o - 3 scrolls of remove curse
 p - 5 scrolls of amnesia
 q - a scroll of summoning
 r - 2 scrolls of vulnerability
Potions
 d - a potion of curing
 e - a potion of heal wounds
 f - a potion of haste
 g - 4 potions of magic
 h - 3 potions of berserk rage
 l - a potion of invisibility
Books
 b - a book of Necromancy

   Spells                             Type                      Level
   a - Pain                           Necromancy                   1
   b - Animate Skeleton               Necromancy                   1
   c - Vampiric Draining              Necromancy                   3
   d - Regeneration                   Charms/Necromancy            3
   e - Animate Dead                   Necromancy                   4
   f - Control Undead                 Necromancy                   4
Comestibles
 c - 9 bread rations
 j - 40 fruits
 k - 7 meat rations


   Skills:
 + Level 2.6 Fighting
 - Level 1.5 Dodging
 - Level 1.1 Stealth
 + Level 4.1 Unarmed Combat
 - Level 1.2 Spellcasting
 - Level 3.2 Necromancy


You had one spell level left.
You knew the following spells:

 Your Spells              Type           Power        Failure   Level  Hunger
a - Pain                  Necr           ##..         8%          1    ##.....
b - Animate Skeleton      Necr           N/A          8%          1    ##.....


Dungeon Overview and Level Annotations

Branches:
Dungeon (1/1)

Altars:
Ashenzari
Cheibriados
Dithmenos
Elyvilon
Fedhas
Kikubaaqudgha
Makhleb
Nemelex Xobeh
Okawaru
Pakellas
Ru
Sif Muna
Trog
Vehumet
Xom
Yredelemnul
Zin
The Shining One
Beogh
Jiyva
Lugonu


Innate Abilities, Weirdness & Mutations

You are too large for most types of armour.
You have claws for hands.
Your metabolism is lightning-fast.
You like to eat raw meat.
You heal very quickly.
You are covered in fur (AC +1).
You have very tough skin (AC +2).


Message History

You catch the helpless gnoll completely off-guard!
You claw the gnoll!
You kill the gnoll!
Cheibriados thoroughly appreciates the change of pace.
Cheibriados raises the support of your attributes as your movement slows.
Your Unarmed Combat skill increases to level 4!
The fire bat bites you but does no damage.
You barely miss the fire bat. The fire bat bites you.
You are engulfed in flames!
The fire bat closely misses you.
The fire bat bites you but does no damage.
You take 10 damage, and have 12/29 hp.
MASSIVE DAMAGE!!
You closely miss the fire bat. You claw the fire bat!
The fire bat is moderately wounded.
The fire bat misses you.
A river rat comes into view.
You claw the fire bat!
The fire bat is severely wounded.
The fire bat barely misses you. The fire bat bites you.
You are engulfed in flames!
You die...

#__________#
#_#####'##############
# +.'..##.........
#.#..##......#..
#######'#####.........
#...........'.........
#+#####)#####......#..
#..#..# #.........
#.b@..+ ####'#####
##r#### #.......# #..
#.......# #..
#.......# ###
#...<...# #.......#
#.......# #.......#
#########


You could see a fire bat and a river rat.

Vanquished Creatures
  A gnoll (D)
  A giant eyeball (D)
  An adder skeleton (D)
  3 jackals (D)
  A kobold (D)
7 creatures vanquished.

Notes
Turn   | Place    | Note
--------------------------------------------------------------
     0 | D        | pipel the Troll Necromancer began the quest for the Orb.
     0 | D        | Reached XP level 1. HP: 16/16 MP: 1/1
    13 | D        | Reached skill level 1 in Fighting
    33 | D        | Found a sacrificial altar of Ru.
    33 | D        | Found a shadowy altar of Dithmenos.
    33 | D        | Found a bloodstained altar of Trog.
    33 | D        | Found a deep blue altar of Sif Muna.
    33 | D        | Found a shimmering altar of Xom.
    33 | D        | Found a sparkling altar of Nemelex Xobeh.
    33 | D        | Found a corrupted altar of Lugonu.
    33 | D        | Found a viscous altar of Jiyva.
    34 | D        | Found a basalt altar of Yredelemnul.
    34 | D        | Found a glowing golden altar of the Shining One.
    34 | D        | Found a shattered altar of Ashenzari.
    34 | D        | Found a white marble altar of Elyvilon.
    34 | D        | Found a snail-covered altar of Cheibriados.
    34 | D        | Found a blossoming altar of Fedhas.
    34 | D        | Found a radiant altar of Vehumet.
    34 | D        | Found a burning altar of Makhleb.
    34 | D        | Found an ancient bone altar of Kikubaaqudgha.
    34 | D        | Found a glowing silver altar of Zin.
    34 | D        | Found a roughly hewn altar of Beogh.
    34 | D        | Found an iron altar of Okawaru.
    35 | D        | Found an oddly glowing altar of Pakellas.
    39 | D        | Became a worshipper of Cheibriados the Contemplative
    59 | D        | Reached * piety under Cheibriados
    63 | D        | Reached ** piety under Cheibriados
    63 | D        | Reached XP level 2. HP: 26/28 MP: 2/2
    64 | D        | Paralysed by a giant eyeball for 3 turns
    72 | D        | Learned a level 1 spell: Animate Skeleton
    73 | D        | Noticed a fire bat
    78 | D        | Reached skill level 4 in Unarmed Combat
    81 | D        | Slain by a fire bat

Vault maps used:
D:        pitsprint

Action                   || total
-------------------------++-------
Melee: Unarmed           ||    21
Throw: Stone             ||     2
  Use: Potion            ||     1
 Stab: Invisible         ||     1
